Map: Prion Terraces

Players

Frozzen - Winner!

  • Race: Zerg Zerg
  • League: Gold

EnergySource

  • Race: Protoss Protoss

VOD

Have the link to the VOD?

Description

Time

  • Played on: Nov. 13, 2015, 12:54 p.m.
  • Length: 7:08
Show
View Real Time Build Order
Export as new Build Order

Frozzen Zerg - Winner!

Build Orders: Hatch First 

Get SALT Encoding   

  12  0:00  Drone  
  13  0:13  Overlord  
  13  0:18  Drone  
  14  0:31  Drone x2  
  16  0:50  Hatchery  
  16  0:53  Drone  
  16  0:56  Drone  
  17  1:01  Drone  
  18  1:14  Spawning Pool  
  18  1:17  Drone  
  18  1:21  Drone  
  19  1:28  Drone  
  20  1:39  Drone, Extractor  
  20  1:50  Overlord  
  20  2:05  Queen x2  
  20  2:06  Zergling x4  
  26  2:13  Drone  
  26  2:14  Zergling x2  
  28  2:22  Drone  
  29  2:24  Drone  
  30  2:32  Overlord  
  30  2:38  Drone  
  30  2:41  Queen  
  30  2:43  Metabolic Boost, Drone  
  34  2:45  Drone  
  35  2:53  Extractor  
  35  2:54  Drone  
  35  2:56  Drone  
  36  3:05  Drone  
  36  3:06  Overlord  
  36  3:12  Drone  
  36  3:18  Drone x3  
  39  3:22  Drone  
  39  3:23  Drone  
  39  3:24  Lair, Drone  
  39  3:25  Drone  
  43  3:29  Drone  
  43  3:32  Overlord  
  44  3:41  Drone  
  45  3:44  Drone, Extractor  
  44  3:50  Zergling x2  
  44  3:51  Zergling x6  
  44  3:54  Zergling x4  
  50  3:59  Zergling x4  
  52  4:11  Drone x2, Roach Warren  
  52  4:16  Overlord  
  53  4:22  Overseer  
  53  4:24  Drone x3, Extractor  
  52  4:26  Drone  
  52  4:27  Drone x2  
  56  4:34  Drone  
  56  4:39  Drone  
  56  4:46  Zergling x4  
  56  4:52  Glial Reconstitution, Roach x5  
  67  4:55  Overlord  
  64  5:11  Roach x2  
  64  5:13  Overlord x2  
  68  5:15  Overlord x2  
  68  5:20  Evolution Chamber  
  68  5:21  Spore Crawler, Hydralisk Den  
  66  5:22  Drone x3  
  68  5:29  Ravager x2  
  68  5:30  Ravager x3  
  73  5:39  Hatchery, Drone  
  73  5:49  Hydralisk x4  
  81  6:04  Roach x3  
  81  6:05  Roach  
  81  6:06  Drone x2  
  81  6:07  Drone x2  
  93  6:24  Zergling x6  
  93  6:25  Zergling x2  
  95  6:26  Roach x2  
  95  6:30  Drone x3  
  102  6:39  Hydralisk  
  102  6:40  Hydralisk  
Show
View Real Time Build Order
Export as new Build Order

EnergySource Protoss 

Build Orders:  

Get SALT Encoding   

  12  0:01  Probe (Chrono Boost)  
  13  0:12  Probe (Chrono Boost)  
  14  0:21  Pylon  
  14  0:22  Probe (Chrono Boost)  
  15  0:39  Probe (Chrono Boost)  
  15  0:40  Gateway  
  16  0:44  Assimilator  
  16  0:49  Probe (Chrono Boost)  
  17  1:00  Probe (Chrono Boost)  
  18  1:22  Probe (Chrono Boost)  
  19  1:28  Cybernetics Core  
  19  1:31  Gateway  
  19  1:33  Probe (Chrono Boost)  
  19  1:34  Pylon  
  20  1:43  Probe (Chrono Boost)  
  20  1:44  Pylon  
  21  2:07  Nexus  
  21  2:14  Probe (Chrono Boost)  
  22  2:17  Assimilator  
  22  2:19  Adept  
  24  2:26  Adept  
  26  2:38  Pylon  
  26  2:40  Probe (Chrono Boost)  
  27  2:50  Probe (Chrono Boost)  
  28  2:54  Robotics Facility  
  26  3:09  Adept (Chrono Boost)  
  26  3:11  Adept (Chrono Boost)  
  27  3:18  Warp Gate  
  27  3:22  Mothership Core (Chrono Boost)  
  29  3:41  Probe (Chrono Boost)  
  30  3:52  Probe (Chrono Boost)  
  31  4:11  Probe (Chrono Boost)  
  32  4:28  Immortal, Pylon  
  32  4:31  Stalker  
  30  4:44  Adept  
  22  4:50  Probe (Chrono Boost)  
  23  5:07  Immortal, Probe (Chrono Boost)  
  28  5:27  Probe x2 (Chrono Boost)  
  30  5:55  Adept  
  30  5:56  Adept  
  34  5:57  Probe (Chrono Boost)  
  34  5:58  Probe (Chrono Boost)  
  36  6:13  Probe x2 (Chrono Boost)  
  38  6:23  Probe (Chrono Boost)  
  39  6:28  Probe (Chrono Boost)  
  40  6:34  Probe (Chrono Boost)  
  40  6:39  Probe (Chrono Boost)  
  42  6:41  Stalker x2  
  42  6:45  Probe (Chrono Boost)  
Tags
 
League
Gold
Matchup
PvZ
Replay Pack
21-11-15
Add a new tag
Caveats
  • Supply blocks, unpowered buildings, or Contaminate may cause inaccurate times.
  • Supply counts are checked every 10 seconds.